 Dungeon Crawl Stone Soup version 0.22-a0-166-g5351223 (webtiles) character file.

79 vishdafish the Skirmisher (level 4, 0/52 HPs)
             Began as a Demonspawn Fighter on Feb 13, 2018.
             Succumbed to Azzok's ghost's poison
             ... on level 3 of the Dungeon.
             The game lasted 00:02:44 (1838 turns).

vishdafish the Skirmisher (Demonspawn Fighter)      Turns: 1838, Time: 00:02:44

Health: 0/52       AC: 22    Str: 22    XL:     4   Next: 16%
Magic:  4/4        EV:  2    Int: 15    God:
Gold:   92         SH:  9    Dex: 12    Spells: 3/3 levels left

rFire    . . .     SeeInvis .   p - +0 short sword
rCold    . . .     Gourm    .   c - +0 shield
rNeg     + + +     Faith    .   (armour currently unavailable)
rPois    +         Spirit   .   (helmet currently unavailable)
rElec    .         Reflect  .   (cloak currently unavailable)
rCorr    .         Harm     .   (gloves currently unavailable)
MR       .....     NoTele   +   (boots currently unavailable)
Stlth    ++........             (no amulet)
HPRegen  0.17/turn              (no ring)
MPRegen  0.09/turn              (no ring)

@: mighty, brilliant, lethally poisoned (0 -> -11), tree-form
A: nightstalker 1
a: no special abilities


You were on level 3 of the Dungeon.
You were hungry.
You were a tree.
You visited 1 branch of the dungeon, and saw 3 of its levels.

You collected 92 gold pieces.

Inventory:

Hand Weapons
 a - a +0 long sword
 l - a +0 dagger
 p - a +0 short sword (weapon)
Missiles
 i - 6 javelins (quivered)
Armour
 b - a +0 scale mail (melded)
 c - a +0 shield (worn)
Scrolls
 g - a scroll of amnesia {unknown}
 h - a scroll of immolation {unknown}
 k - a scroll of fear {unknown}
 m - a scroll of enchant armour {unknown}
 o - a scroll of remove curse {unknown}
Potions
 e - a potion of lignification
 j - 2 potions of brilliance
Comestibles
 f - 3 rations


   Skills:
 + Level 3.4 Fighting
 * Level 1.1(1.9) Short Blades
 - Level 2.2(2.4) Long Blades
 + Level 3.0 Armour
 + Level 1.1 Dodging
 + Level 3.1 Shields


You had 3 spell levels left.
You didn't know any spells.

Dungeon Overview and Level Annotations

Branches:
Dungeon (3/15)

Altars:

Annotations:
D:3 Azzok's ghost, amateur GrFi


Innate Abilities, Weirdness & Mutations

You are slightly more attuned to the shadows.


Message History

You feel sick. Azzok's ghost hits you.
* * * LOW HITPOINT WARNING * * *
You puncture Azzok's ghost!
Azzok's ghost is heavily damaged.
* * * LOW HITPOINT WARNING * * *
You feel sick. Azzok's ghost barely misses you.
You closely miss Azzok's ghost.
Azzok's ghost is heavily damaged.
* * * LOW HITPOINT WARNING * * *
You feel sick. You block Azzok's ghost's attack.
You are feeling hungry.
You barely miss Azzok's ghost.
Azzok's ghost is heavily damaged.
* * * LOW HITPOINT WARNING * * *
You feel sick.
Azzok's ghost hits you but does no damage.
You block Azzok's ghost's attack.
You puncture Azzok's ghost!
Azzok's ghost is severely damaged.
You die...

######..##....
............#
#######...#
#...<...#.## #..#
#<##.##.#..# #..#
#.##.##.# #..#
..##....## #..#
.####.##..# #..#
#.
#.##(♣####..#.#.#
#
#.....W..(.......
####.#.###..#.#.#
#.#.# #..# #.#.#
#..# #.#.. #!##
#.##. ### .


You could see Azzok's ghost.

Vanquished Creatures
  3 adders (D:2)
  2 dart slugs (D:2)
  A leopard gecko (D:2)
  3 giant cockroaches
  8 goblins
  2 hobgoblins
  9 jackals
  A kobold (D:2)
  A quokka (D:2)
  A ball python (D:1)
  4 bats
  2 frilled lizards (D:2)
  6 rats
43 creatures vanquished.

Notes
Turn   | Place    | Note
-------+----------+-------------------------------------------
     0 | D:1      | vishdafish the Demonspawn Fighter began the quest for the Orb.
     0 | D:1      | Reached XP level 1. HP: 18/18 MP: 1/1
   271 | D:1      | Gained mutation: You are slightly more attuned to the shadows. [demonic ancestry]
   271 | D:1      | Reached XP level 2. HP: 24/24 MP: 2/2
   917 | D:2      | Reached XP level 3. HP: 22/29 MP: 3/3
  1439 | D:2      | Reached skill level 1 in Short Blades
  1439 | D:2      | Reached skill level 1 in Dodging
  1632 | D:2      | Reached XP level 4. HP: 32/35 MP: 4/4
  1819 | D:3      | Noticed Azzok's ghost (amateur GrFi)
  1837 | D:3      | HP: 1/52 [poisoned by Azzok's ghost]
  1838 | D:3      | Succumbed to Azzok's ghost's poison

Vault maps used:
D:1:      minmay_arrival_doors
D:3:      first_ration

Skill      XL: |  1  2  3 |
---------------+----------+-----
Long Blades    | 2 |  2.2
Shields        | 3 |  3.1
Armour         | 3 |  3.0
Short Blades   | 1 |  1.1
Dodging        | 1 |  1.1
Fighting       | |  3.4

Action                   |  1- 3 |  4- 6 || total
-------------------------+-------+-------++-------
Melee: Long sword        |    87 |       ||    87
       Dagger            |   149 |       ||   149
       Short sword       |       |    25 ||    25
  Use: Potion            |       |     3 ||     3
  Eat: Chunk             |     3 |       ||     3
Armor: Scale mail        |   100 |     8 ||   108
       Skin              |       |     2 ||     2
Dodge: Dodged            |    66 |     8 ||    74
Block: Shield            |   107 |    11 ||   118
       Rpst.: Long sword |     5 |       ||     5

Table legend:
 A = Spawn XP
 B = Non-spawn XP
 C = Spawn XP percentage of total XP
 D = Spawn monster count
 E = Non-spawn monster count
 F = Spawn count percentage of total count
 G = Total turns spent on level
                    A         B        C        D         E        F      G
               +---------+---------+-------+---------+---------+-------+---------
         Total |       0 |     113 |   0.0 |       0 |      43 |   0.0 |  1838
               +---------+---------+-------+---------+---------+-------+---------
           D:1 |       0 |      38 |   0.0 |       0 |      22 |   0.0 |   871
           D:2 |       0 |      75 |   0.0 |       0 |      21 |   0.0 |   934
               +---------+---------+-------+---------+---------+-------+---------
